 Dungeon Crawl Stone Soup version 0.27-a0-1147-gb3d8e82157 (webtiles) character file.

Game seed: 4885588776297304877

9567 freelancePsychic the Archer (level 11, -7/95 HPs)
             Began as a Minotaur Hunter on May 11, 2021.
             Was a Priest of Elyvilon.
             Killed from afar by a gargoyle (25 damage)
             ... with a stone arrow
             ... on level 11 of the Dungeon.
             The game lasted 00:37:50 (14174 turns).

freelancePsychic the Archer (Minotaur Hunter)      Turns: 14174, Time: 00:37:51

Health: -7/95      AC: 17    Str: 20    XL:     11   Next: 24%
Magic:  15/16      EV:  8    Int:  8    God:    Elyvilon [***...]
Gold:   1329       SH:  4    Dex: 13    Spells: 10/10 levels left

rFire    . . .     SeeInvis .   b - +1 short sword (elec)
rCold    + . .     Faith    .   (no shield)
rNeg     . . .     Spirit   .   t - +3 chain mail {rC+}
rPois    .         Reflect  .   (helmet restricted)
rElec    .         Harm     .   e - +0 cloak
rCorr    .         Rampage  .   l - +0 pair of gloves
Will     .....                  (no boots)
Stlth    ..........             (no amulet)
HPRegen  0.25/turn              (no ring)
MPRegen  0.15/turn              (no ring)

@: no status effects
A: horns 2, retaliatory headbutt, large bone plates 1, agile 1, shaggy fur 1, no
potion heal 1
a: Renounce Religion, Lesser Healing, Heal Other, Purification, Divine
Protection


You were on level 11 of the Dungeon.
You worshipped Elyvilon.
Elyvilon was most pleased with you.
You visited 1 branch of the dungeon, and saw 11 of its levels.
You also visited: Ossuary.

You collected 1546 gold pieces.
You spent 217 gold pieces at shops.

Inventory:

Hand Weapons
 a - a +1 shortbow
 b - a +1 short sword of electrocution (weapon)
Missiles
 h - 5 throwing nets
 j - 7 atropa-tipped darts (quivered)
 w - 3 curare-tipped darts
Armour
 e - a +0 cloak (worn)
 l - a +0 pair of gloves (worn)
 t - a +3 chain mail of cold resistance (worn)
Jewellery
 n - a ring of protection from fire
Wands
 x - a wand of mindburst (16)
 y - a wand of iceblast (9)
 z - a wand of digging (5)
Scrolls
 g - a scroll of fear
 i - a scroll of immolation
 k - 4 scrolls of teleportation {@r4}
 m - a scroll of identify {@r1}
 p - a scroll of enchant weapon
 r - 2 scrolls of blinking
 u - a scroll of enchant armour
Potions
 c - a potion of might
 f - a potion of heal wounds {@q2}
 o - a potion of curing {unknown}
 q - 2 potions of magic {unknown}
 s - a potion of attraction {unknown}
 v - a potion of brilliance {unknown}


   Skills:
 + Level 8.3 Fighting
 - Level 14.2 Bows
 + Level 7.1 Armour
 - Level 2.1 Dodging
 - Level 0.7 Stealth
 - Level 8.0 Invocations


You had 10 spell levels left.
You didn't know any spells.
Your spell library contained the following spells:

 Spells                   Type           Power      Damage    Failure   Level
 Ensorcelled Hibernation  Hex/Ice        0%         N/A       99%         2
 Animate Armour           Summ/Erth      0%         N/A       100%        4
 Borgnjor's Vile Clutch   Necr/Erth      0%         N/A       100%        5
 Silence                  Hex/Air        0%         N/A       100%        5
 Shadow Creatures         Summ           N/A        N/A       100%        6


Dungeon Overview and Level Annotations

Branches:
Dungeon (11/15)            Temple (0/1) D:5         Ossuary (visited)
   Lair: D:8-11         Orc: D:9-12

Altars:
Cheibriados
Dithmenos
Elyvilon
Qazlal
Ru
Sif Muna
Trog
Uskayaw
Xom

Shops:
D:2 (   D:7 [   D:9 ?!

Annotations:
D:7 3 runed translucent doors, Spectrina's ghost, novice DEAM
D:10 2 runed translucent doors, exclusion: orange crystal statue


Innate Abilities, Weirdness & Mutations

You have a pair of horns on your head.
You reflexively headbutt those who attack you in melee.
You are partially covered in large bone plates. (SH +4)
You are agile. (Dex +2)
You are covered in fur. (AC +1)
Potions are less effective at restoring your health.


Message History

The gargoyle is severely damaged.
Fire: 4 arrows
Press: ? - help, Q - select action, (/) - cycle Shift-Dir - straight line, f/p - gargoyle
Aim: a gargoyle, wielding a +0 dire flail (severely damaged, 81% to hit)
You shoot an arrow. The arrow hits the gargoyle!
The gargoyle is almost destroyed.
The gargoyle hits you with a +0 dire flail!
* * * LOW HITPOINT WARNING * * *
You are healed.
The gargoyle hits you with a +0 dire flail.
Fire: 3 arrows
Press: ? - help, Q - select action, (/) - cycle Shift-Dir - straight line, f/p - gargoyle
Aim: a gargoyle, wielding a +0 dire flail (almost destroyed, 81% to hit)
You shoot an arrow.
The arrow hits the gargoyle but does no damage.
The gargoyle is almost destroyed.
Fire: 2 arrows
Press: ? - help, Q - select action, (/) - cycle Shift-Dir - straight line, f/p - gargoyle
Aim: a gargoyle, wielding a +0 dire flail (almost destroyed, 81% to hit)
You shoot an arrow.
The arrow hits the gargoyle but does no damage.
The gargoyle is almost destroyed.
The gargoyle barely misses you.
Fire: arrow
Press: ? - help, Q - select action, (/) - cycle Shift-Dir - straight line, f/p - gargoyle
Aim: a gargoyle, wielding a +0 dire flail (almost destroyed, 80% to hit)
You shoot an arrow.
The arrow hits the gargoyle but does no damage.
The gargoyle is almost destroyed.
The gargoyle barely misses you. You furiously retaliate!
You headbutt the gargoyle, but do no damage.
You hear the crackle of electricity.
b - a +1 short sword of electrocution (weapon)
You hit the gargoyle but do no damage. You headbutt the gargoyle.
The gargoyle is almost destroyed.
The gargoyle hits you with a +0 dire flail!
* * * LOW HITPOINT WARNING * * *
The gargoyle hurls a stone arrow at you.
The stone arrow hits you!!
You die...

....(.....##
#9#....8.#
#.###.#(.....##
#..>..l(.#....#
.......#Y###...##
.#######9# #....#
# #.# ##.<.#
#.#######.# #...#
#..@.9YYlY# #####
###########


You could see 3 yaks, a gargoyle and an iguana.

Vanquished Creatures
  Harold (D:8)
  A two-headed ogre (D:7)
  An unseen horror (D:10)
  Psyche (D:10)
  A kobold demonologist (D:9)
  Prince Ribbit (D:8)
  3 trolls
  9 yaks
  3 wraiths (D:11)
  A shadow (D:11)
  2 wyverns (D:11)
  2 basilisks (D:11)
  An orc warrior (D:8)
  A black bear (D:7)
  4 ogres
  A necrophage (D:5)
  4 centaurs
  3 kobold brigands
  3 bullfrogs
  2 gnoll sergeants
  3 scorpions
  A killer bee (D:9)
  5 howler monkeys
  2 hounds (D:6)
  9 centaur zombies
  7 orc priests
  2 bullfrog skeletons
  A centaur skeleton (D:5)
  Jessica (D:3)
  2 iguanas
  5 orc wizards
  A scorpion zombie (D:5)
  A hound zombie (D:5)
  5 mummies (Ossuary)
  A howler monkey zombie (D:7)
  Robin (D:3)
  17 gnolls
  7 adders
  A white imp (D:5)
  An adder skeleton (D:4)
  An adder zombie (D:5)
  A worm (D:5)
  30 orcs
  4 endoplasms
  A giant cockroach (D:3)
  13 goblins
  2 hobgoblins
  12 jackals
  23 kobolds
  A quokka (D:5)
  2 ball pythons
  6 bats
  A frilled lizard (D:1)
  3 hobgoblin zombies (Ossuary)
  9 rats
227 creatures vanquished.

Vanquished Creatures (others)
  A centaur zombie (D:10)
  A yak (D:11)
  A water moccasin (D:11)
  2 fungi (D:11)
  4 plants (D:11)
9 creatures vanquished.

Grand Total: 236 creatures vanquished

Notes
Turn   | Place    | Note
-------+----------+-------------------------------------------
     0 | D:1      | freelancePsychic the Minotaur Hunter began the quest for
                  | the Orb.
     0 | D:1      | Reached XP level 1. HP: 18/18 MP: 0/0
   112 | D:1      | Found a faded altar of an unknown god.
   114 | D:1      | Became a worshipper of Elyvilon the Healer
   114 | D:1      | Reached * piety under Elyvilon
   483 | D:1      | Reached XP level 2. HP: 25/25 MP: 1/1
   635 | D:2      | Found Bamev's Weapon Shoppe.
   697 | D:2      | Reached ** piety under Elyvilon
   708 | D:2      | Reached skill level 5 in Bows
   844 | D:2      | Reached XP level 3. HP: 28/31 MP: 2/2
  1256 | D:2      | Reached XP level 4. HP: 21/39 MP: 1/3
  2105 | D:3      | Reached skill level 6 in Bows
  2313 | D:3      | Reached *** piety under Elyvilon
  2339 | D:3      | Noticed Jessica
  2349 | D:3      | Killed Jessica
  2350 | D:3      | Reached XP level 5. HP: 46/46 MP: 4/4
  2521 | D:3      | You fall into a shaft and drop 3 floors!
  2528 | D:6      | Reached skill level 1 in Invocations
  2544 | D:6      | Noticed a black bear
  2546 | D:6      | Pacified a black bear
  2609 | D:6      | Reached skill level 7 in Bows
  2609 | D:6      | Reached XP level 6. HP: 48/52 MP: 6/6
  2641 | D:5      | Entered Level 5 of the Dungeon
  2918 | D:5      | Reached skill level 8 in Bows
  2918 | D:5      | Reached XP level 7. HP: 29/58 MP: 6/8
  3442 | D:4      | Reached **** piety under Elyvilon
  4590 | D:3      | Noticed Robin
  4600 | D:3      | Killed Robin
  4720 | D:5      | Reached skill level 9 in Bows
  5054 | D:5      | Gained mutation: You do not regenerate when monsters are
                  | visible. [potion of mutation]
  5054 | D:5      | Gained mutation: You evolve. [potion of mutation]
  5054 | D:5      | Gained mutation: You are clumsy. (Dex -2) [potion of
                  | mutation]
  5316 | D:5      | Reached XP level 8. HP: 27/66 MP: 7/10
  5627 | D:5      | Found a staircase to the Ecumenical Temple.
  6728 | D:6      | Reached skill level 10 in Bows
  6757 | D:6      | Reached ***** piety under Elyvilon
  6886 | D:6      | Found a sacrificial altar of Ru.
  6920 | D:7      | Reached skill level 5 in Invocations
  6948 | D:7      | Noticed a two-headed ogre
  6964 | D:7      | Killed a two-headed ogre
  6965 | D:7      | Reached skill level 11 in Bows
  6965 | D:7      | Reached XP level 9. HP: 22/71 MP: 10/12
  7091 | D:7      | Gained mutation: You are covered in fur. (AC +1)
                  | [evolution]
  7091 | D:7      | Lost mutation: You evolve. [end of evolution]
  7342 | D:7      | Noticed Spectrina's ghost (novice DEAM)
  7383 | D:7      | Found Riuj's Antique Armour Shoppe.
  7391 | D:7      | Bought a runed chain mail for 217 gold pieces
  7562 | D:7      | Lost mutation: You are clumsy. (Dex -2) [potion of
                  | mutation]
  7562 | D:7      | Lost mutation: You do not regenerate when monsters are
                  | visible. [potion of mutation]
  7562 | D:7      | Gained mutation: Potions are less effective at restoring
                  | your health. [potion of mutation]
  7562 | D:7      | Gained mutation: You are partially covered in large bone
                  | plates. (SH +4) [potion of mutation]
  7562 | D:7      | Gained mutation: You are agile. (Dex +2) [potion of
                  | mutation]
  7638 | D:7      | Found a runed translucent gate.
  7639 | D:7      | Found a runed translucent gate.
  7640 | D:7      | Found a runed translucent gate.
  7973 | D:8      | Noticed Harold
  8055 | D:8      | Reached skill level 12 in Bows
  8136 | D:8      | Noticed a manticore
  8137 | D:8      | Pacified a manticore
  8266 | D:8      | Found a sand-covered staircase.
  8277 | Ossuary  | Entered an ossuary
  8499 | Ossuary  | Reached skill level 13 in Bows
  8873 | D:8      | Noticed Prince Ribbit
  8911 | D:8      | Killed Prince Ribbit
  8912 | D:8      | Reached XP level 10. HP: 58/78 MP: 14/14
  9075 | D:8      | Killed Harold
  9750 | D:9      | Noticed a soul eater
  9756 | D:9      | Reached skill level 14 in Bows
 10324 | D:9      | Found a bloodstained altar of Trog.
 10326 | D:9      | Found a white marble altar of Elyvilon.
 10441 | D:9      | Found a shadowy altar of Dithmenos.
 10446 | D:9      | Found a hide-covered altar of Uskayaw.
 10446 | D:9      | Found a snail-covered altar of Cheibriados.
 10460 | D:9      | Found a shimmering altar of Xom.
 10460 | D:9      | Found a shimmering blue altar of Sif Muna.
 10462 | D:9      | Found a stormy altar of Qazlal.
 10552 | D:9      | Found Geosuwix's Distillery.
 10765 | D:9      | Found Efoliof's Magic Scroll Shoppe.
 10820 | D:9      | Reached skill level 1 in Armour
 11120 | D:9      | Identified the +0 buckler "Vyojip" {rF+}
 11283 | D:10     | Entered Level 10 of the Dungeon
 11301 | D:10     | Reached skill level 5 in Fighting
 11411 | D:10     | Found a runed translucent door.
 11420 | D:10     | Found the +10 tower shield of Ignorance {rN+ Int-4}
 11426 | D:10     | Found a runed translucent door.
 11957 | D:10     | Identified a scroll of acquirement
 11957 | D:10     | Acquired 1020 gold pieces
 12070 | D:10     | Reached skill level 5 in Armour
 12662 | D:10     | Noticed an orange crystal statue
 12711 | D:10     | Noticed Psyche
 12741 | D:10     | Reached XP level 11. HP: 32/92 MP: 9/16
 12749 | D:10     | Killed Psyche
 13609 | D:11     | Noticed a two-headed ogre
 14174 | D:11     | Killed from afar by a gargoyle

Illustrated notes

Levels and vault maps discovered:
D:1:      dpeg_arrival_rhombi, layout_basic, chequers_ecumenical_altar_twisty
D:2:      layout_loops_ring, serial_shops, shop_fountains
D:3:      minmay_inner_zag, layout_basic, uniq_robin, uniq_jessica
D:4:      layout_loops_ring, minmay_liquid_box, kennysheep_path_1,
          minmay_misc_feat_columns
D:5:      layout_loops_ring, lemuel_temple_firewalk_b, serial_co_window_serial,
          co_window_of_opportunity_a, co_window_of_opportunity_a,
          co_window_paths_b, co_window_paths_b, co_window_paths_a,
          co_window_of_opportunity_a, co_window_paths_a, co_window_corner_cb,
          co_window_2corner, co_window_unsneaky_path_e, co_window_broadway_c,
          co_window_corner_b, glass_columns_a, glass_columns_a, glass_columns_b,
          glass_columns_b, hangedman_decor_slide_cut
D:6:      layout_basic, nicolae_ru_path_of_blood
D:7:      layout_loops_ring, serial_shops,
          nicolae_shop_competitors_out_of_business, gammafunk_ghost_icy
D:8:      layout_loops_cross, enter_ossuary_1, minmay_misc_feat_iff,
          grunt_ministairs_4, lightli_orcish_oven, uniq_prince_ribbit1,
          uniq_harold
D:9:      layout_roguey, grunt_temple_overflow_open, serial_shops,
          nicolae_shop_stone, nicolae_shop_window_shopping
D:10:     layout_long_grid, serial_rivers, chequers_serial_rivers_large_b,
          chequers_serial_rivers_marsh, chequers_serial_rivers_room_a,
          chequers_serial_rivers_micro_c, chequers_serial_rivers_room_b,
          chequers_serial_rivers_small_3, chequers_guarded_unrand_ignorance,
          uniq_psyche
D:11:     lemuel_ogre_cave, layout_loops_ring, minmay_lair_entry_grove,
          orc_0_dummy, grunt_ministairs_12, hangedman_incinerator,
          uniq_josephine

Skill      XL: |  1  2  3  4  5  6  7  8  9 10 11 |
---------------+----------------------------------+-----
Fighting       | 3 7 8 |  8.3
Bows           | 5 6 7 8 9 11 13 14 | 14.2
Invocations    | 1 3 4 6 7 8 |  8.0
Armour         | 5 7 |  7.1
Dodging        | |  2.1
Stealth        | |  0.7

Action                   |  1- 3 |  4- 6 |  7- 9 | 10-12 || total
-------------------------+-------+-------+-------+-------++-------
Melee: Short sword       |     6 |    95 |   130 |    15 ||   246
       Headbutt          |     1 |    11 |    15 |     7 ||    34
       Shortbow          |       |       |       |     2 ||     2
 Fire: Shortbow          |    59 |    16 |   313 |   417 ||   805
Invok: Lesser Healing    |     1 |       |       |     2 ||     3
       Heal Other        |       |     1 |     8 |     6 ||    15
       Greater Healing   |       |       |     1 |     2 ||     3
       Purification      |       |       |     1 |     6 ||     7
  Use: Scroll            |       |     1 |    12 |     5 ||    18
       Potion            |       |       |     3 |     4 ||     7
Armor: Ring mail         |     8 |    22 |       |       ||    30
       Chain mail        |       |    45 |   153 |   146 ||   344
       Skin              |       |       |       |     4 ||     4
Dodge: Dodged            |    11 |    51 |    73 |    53 ||   188
Block: Other             |       |       |    13 |    24 ||    37

Table legend: (Time is in decaauts)
 A = Elapsed time spent in this place.
 B = Non-inter-level travel time spent in this place.
 C = Inter-level travel time spent in this place.
 D = Time resting spent in this place.
 E = Time spent auto-exploring this place.
 F = Levels seen in this place.
 G = Mean time per level.
                   A        B        C        D        E       F      G
               +--------+--------+--------+--------+--------+-----+--------+
         Total |  14012 |  13498 |    514 |   1280 |  10279 |  12 | 1167.7 |
       Dungeon |  13695 |  13181 |    514 |   1280 |  10033 |  11 | 1245.0 |
       Ossuary |    317 |    317 |      0 |      0 |    246 |   1 |  317.0 |
               +--------+--------+--------+--------+--------+-----+--------+

Top non-repeatable levels by time:
    D:10: 2534 daAuts
     D:5: 2057 daAuts
     D:8: 1619 daAuts
     D:4: 1249 daAuts
     D:3: 1240 daAuts
     D:9: 1214 daAuts
     D:7: 1079 daAuts
     D:2: 993 daAuts
     D:6: 840 daAuts
     D:1: 545 daAuts
    D:11: 320 daAuts
 Ossuary: 317 daAuts
